 Dungeon Crawl Stone Soup version 0.26-a0-1177-g1209ec82b9 (webtiles) character file.

Game seed: 6442232475750731180

457 voltaire321 the Covered (level 6, -9/56 HPs)
             Began as a Minotaur Fighter on Dec 24, 2020.
             Splashed by Ijyb's acid (12 damage)
             ... on level 3 of the Dungeon.
             The game lasted 00:11:07 (3623 turns).

voltaire321 the Covered (Minotaur Fighter)          Turns: 3623, Time: 00:11:07

Health: -9/56      AC:  3    Str: 21    XL:     6   Next: 77%
Magic:  5/5        EV:  9    Int:  7    God:
Gold:   102        SH: 10    Dex:  9    Spells: 5/5 levels left

rFire    . . .     SeeInvis .   a - +0 war axe
rCold    . . .     Faith    .   c - +0 kite shield
rNeg     . . .     Spirit   .   b - +0 scale mail
rPois    .         Reflect  .   (helmet restricted)
rElec    .         Harm     .   (no cloak)
rCorr    .         Rampage  .   (no gloves)
Will     .....                  (no boots)
Stlth    ..........             (no amulet)
HPRegen  0.18/turn              (no ring)
MPRegen  0.09/turn              (no ring)

@: corroded
A: retaliatory headbutt, horns 2
a: no special abilities


You were on level 3 of the Dungeon.
You visited 1 branch of the dungeon, and saw 3 of its levels.
You also visited: Sewer.

You collected 102 gold pieces.

Inventory:

Hand Weapons
 a - a +0 war axe (weapon)
Missiles
 k - 37 poisoned darts (quivered)
Armour
 b - a +0 scale mail (worn)
 c - a +0 kite shield (worn)
 v - a scarf of invisibility
Jewellery
 g - an uncursed ring of see invisible {unknown}
Scrolls
 e - a scroll of remove curse {unknown}
 f - 2 scrolls of enchant weapon {unknown}
 j - a scroll of identify
 l - a scroll of random uselessness {unknown}
 m - 2 scrolls of enchant armour {unknown}
 n - a scroll of immolation {unknown}
 q - 3 scrolls of teleportation {unknown}
 t - a scroll of amnesia {unknown}
 u - a scroll of fog {unknown}
 x - a scroll of blinking {unknown}
Potions
 d - a potion of mutation {unknown}
 h - a potion of cancellation
 i - 3 potions of flight {unknown}
 o - 3 potions of heal wounds {unknown}
 p - 2 potions of haste {unknown}
 r - 3 potions of curing
 s - 3 potions of brilliance {unknown}
 w - a potion of degeneration {unknown}


   Skills:
 + Level 5.2 Fighting
 + Level 4.4 Axes
 + Level 5.2 Armour
 + Level 3.1 Dodging
 + Level 5.2 Shields


You had 5 spell levels left.
You didn't know any spells.
Your spell library was empty.

Dungeon Overview and Level Annotations

Branches:
Dungeon (3/15)              Sewer (visited)

Altars:
Uskayaw

Annotations:
D:3 Ijyb


Innate Abilities, Weirdness & Mutations

You reflexively headbutt those who attack you in melee.
You have a pair of horns on your head.


Message History

The hobgoblin hits you but does no damage.
You block the hobgoblin's attack.
You closely miss the hobgoblin. You headbutt the hobgoblin.
You kill the hobgoblin!
Ijyb the Twisted Goblin comes into view.
She is carrying a wand of acid (11).
Ijyb shouts!
Ijyb hits you but does no damage.
You closely miss Ijyb. Ijyb hits you but does no damage.
You hit Ijyb.
Ijyb is lightly wounded.
Ijyb closely misses you. Ijyb completely misses you.
You closely miss Ijyb.
Ijyb is lightly wounded.
Ijyb zaps a wand.
The bolt of acid hits you!!
You are splashed with acid!
You hit Ijyb but do no damage.
Ijyb is lightly wounded.
Ijyb zaps a wand.
The bolt of acid hits you!!
* * * LOW HITPOINT WARNING * * *
The acid corrodes you!
You are splashed with acid!
You die...

#....##.#.............
#....##.#.............
#######...............
......................
.######...............
..#...............
#.#...............
#g#..#.###########
#@#..#.# #.####.#
#......# ######.# #.#
###


You could see Ijyb.

Vanquished Creatures
  2 big kobolds (Sewer)
  Jessica (D:3)
  Natasha (twice) (D:3)
  6 adders
  7 river rats
  4 oozes
  10 worms
  3 leopard geckos
  4 orcs
  8 ball pythons
  2 giant cockroaches
  9 hobgoblins
  15 kobolds
  A quokka (D:3)
  5 bats
  2 frilled lizards (D:1)
  3 goblins
  11 rats
95 creatures vanquished.

Notes
Turn   | Place    | Note
-------+----------+-------------------------------------------
     0 | D:1      | voltaire321 the Minotaur Fighter began the quest for the
                  | Orb.
     0 | D:1      | Reached XP level 1. HP: 19/19 MP: 0/0
    67 | D:1      | You fall into a shaft and drop 1 floor!
    93 | D:2      | Reached XP level 2. HP: 12/27 MP: 1/1
   579 | D:1      | Reached skill level 1 in Dodging
   842 | D:1      | Reached XP level 3. HP: 32/33 MP: 2/2
  1370 | D:2      | Found a hide-covered altar of Uskayaw.
  1457 | D:2      | Reached XP level 4. HP: 29/40 MP: 3/3
  2279 | D:3      | Noticed Natasha
  2288 | D:3      | Killed Natasha
  2289 | D:3      | Reached XP level 5. HP: 38/47 MP: 4/4
  2347 | D:3      | Noticed Natasha
  2356 | D:3      | Killed Natasha
  2420 | D:3      | Noticed Jessica
  2447 | D:3      | Killed Jessica
  2505 | D:3      | Found a glowing drain.
  2513 | Sewer    | Entered a sewer
  2591 | Sewer    | Reached skill level 5 in Armour
  2591 | Sewer    | Reached skill level 5 in Shields
  2591 | Sewer    | Reached XP level 6. HP: 4/55 MP: 5/5
  2906 | Sewer    | Reached skill level 5 in Fighting
  3617 | D:3      | Noticed Ijyb
  3623 | D:3      | Splashed by Ijyb's acid

Illustrated notes

Levels and vault maps discovered:
D:1:      dpeg_arrival_arbitrary_c, layout_loops_ring, minivault_24,
          item_on_display_a
D:2:      layout_loops_ring, overflow_temple_1_default
D:3:      layout_basic, lightli_sewer_entry_pipes, kennysheep_generic_room_7,
          uniq_natasha, uniq_ijyb, uniq_jessica

Skill      XL: |  1  2  3  4  5  6 |
---------------+-------------------+-----
Dodging        | 1 2 3 |  3.1
Armour         | 4 5 |  5.2
Fighting       | 4 5 |  5.2
Shields        | 4 5 |  5.2
Axes           | 3 4 |  4.4

Action                   |  1- 3 |  4- 6 || total
-------------------------+-------+-------++-------
Melee: War axe           |    93 |   191 ||   284
       Headbutt          |    10 |    23 ||    33
  Use: Scroll            |       |     1 ||     1
       Potion            |       |     1 ||     1
Armor: Scale mail        |    28 |    68 ||    96
Dodge: Dodged            |    23 |    55 ||    78
Block: Kite shield       |    43 |   102 ||   145

Table legend: (Time is in decaauts)
 A = Elapsed time spent in this place.
 B = Non-inter-level travel time spent in this place.
 C = Inter-level travel time spent in this place.
 D = Time resting spent in this place.
 E = Time spent auto-exploring this place.
 F = Levels seen in this place.
 G = Mean time per level.
                   A        B        C        D        E       F      G
               +--------+--------+--------+--------+--------+-----+--------+
         Total |   3881 |   3812 |     69 |    734 |   1738 |   4 |  970.2 |
       Dungeon |   2907 |   2838 |     69 |    455 |   1431 |   3 |  969.0 |
         Sewer |    974 |    974 |      0 |    279 |    307 |   1 |  974.0 |
               +--------+--------+--------+--------+--------+-----+--------+

Top non-repeatable levels by time:
     D:2: 1156 daAuts
   Sewer: 974 daAuts
     D:1: 894 daAuts
     D:3: 856 daAuts
